 Dungeon Crawl Stone Soup version 0.28.0 (webtiles) character file.

Game seed: 1238150009440080988

8 cbfl8 the Sneak (level 2, -3/27 HPs)
             Began as a Minotaur Delver on Feb 11, 2022.
             Slain by a black bear (6 damage)
             ... on level 5 of the Dungeon.
             The game lasted 00:01:38 (121 turns).

cbfl8 the Sneak (Minotaur Delver)                    Turns: 121, Time: 00:01:39

Health: -3/27      AC:  3    Str: 16    XL:     2   Next: 0%
Magic:  1/1        EV: 11    Int:  7    God:
Gold:   8          SH:  0    Dex: 11    Spells: 1/1 levels left

rFire   . . .      SeeInvis .   a - +0 hand axe
rCold   . . .      Faith    .   (no shield)
rNeg    . . .      Spirit   .   b - +0 leather armour
rPois   .          Reflect  .   (helmet restricted)
rElec   .          Harm     .   (no cloak)
rCorr   .          Rampage  .   (no gloves)
Will    .....                   (no boots)
Stlth   ++........              (no amulet)
HPRegen 0.09/turn               (no ring)
MPRegen 0.07/turn               (no ring)

@: hasted, very quick
A: horns 2, retaliatory headbutt
a: no special abilities


You were on level 5 of the Dungeon.
You visited 1 branch of the dungeon, and saw 1 of its levels.

You collected 8 gold pieces.

Inventory:

Hand Weapons
 a - a +0 hand axe (weapon)
Armour
 b - a +0 leather armour (worn)
Wands
 g - a wand of digging (3)
Scrolls
 c - a scroll of fog
 d - a scroll of magic mapping
 e - a scroll of fear
 h - a scroll of identify {unknown}


   Skills:
 + Level 3.7 Fighting
 + Level 2.5 Axes
 + Level 2.2 Dodging
 + Level 4.3 Stealth


You had one spell level left.
You didn't know any spells.
Your spell library contained the following spells:

 Spells                   Type           Power      Damage    Failure   Level
 Sublimation of Blood     Necr           0%         N/A       65%         2
 Animate Dead             Necr           0%         N/A       99%         4
 Petrify                  Tmut/Erth      0%         N/A       99%         4
 Borgnjor's Vile Clutch   Necr/Erth      0%         N/A       100%        5
 Irradiate                Conj/Tmut      0%         3d14      100%        5
 Death Channel            Necr           0%         N/A       100%        6


Dungeon Overview and Level Annotations

Branches:
Dungeon (5/15)
 Temple: D:4-7

Altars:

Annotations:
D:5 Prince Ribbit


Innate Abilities, Weirdness & Mutations

You have a pair of horns on your head.
You reflexively headbutt those who attack you in melee.


Message History

You headbutt the shadow imp. You hit the shadow imp.
You kill the shadow imp!
You have reached level 2!
Found 7 gold pieces.
Found 16 gold pieces.
A black bear comes into view.
The black bear growls angrily.
You hear a croak.
The black bear barely misses you. x2; The black bear claws you.
The black bear bites you.
The black bear claws you but does no damage. x2
You barely miss the black bear.
Prince Ribbit comes into view.
The black bear bites you.
The black bear claws you but does no damage.
The black bear closely misses you. The black bear bites you.
The black bear closely misses you. x2
You barely miss the black bear. The black bear bites you.
The black bear claws you.
* * * LOW HITPOINT WARNING * * *
The black bear closely misses you.
You hit the black bear.
The black bear is lightly wounded.
You closely miss Prince Ribbit. Prince Ribbit hits you.
* * * LOW HITPOINT WARNING * * *
The black bear closely misses you.
The black bear claws you but does no damage. x2
Prince Ribbit hits you but does no damage.
Level annotation: Prince Ribbit Welcome back, cbfl8 the Minotaur Delver.
Press ? for a list of commands and other information.
Level annotation: Prince Ribbit Welcome back, cbfl8 the Minotaur Delver.
Press ? for a list of commands and other information.
Level annotation: Prince Ribbit Welcome back, cbfl8 the Minotaur Delver.
Press ? for a list of commands and other information.
Prince Ribbit blinks!
You feel yourself speed up. The black bear bites you.
You die...

### #.. #.# #.# #.#
######@#
.######.....h##
...........$........
.##.###....#........
.##.###.##.#.###...#
............... ...
...........#$#. ..
.##.###.##.#.#.. .
#. #.##.#.#...


You could see a black bear.

Vanquished Creatures
  A shadow imp (D:5)
1 creature vanquished.

Notes
Turn   | Place    | Note
-------+----------+-------------------------------------------
     0 | D:5      | cbfl8 the Minotaur Delver began the quest for the Orb.
     0 | D:5      | Reached XP level 1. HP: 19/19 MP: 0/0
    61 | D:5      | Noticed a hound
    98 | D:5      | Reached XP level 2. HP: 24/27 MP: 1/1
   112 | D:5      | Noticed a black bear
   117 | D:5      | Noticed Prince Ribbit
   121 | D:5      | Slain by a black bear

Illustrated notes

Levels and vault maps discovered:
D:5:      layout_basic, uniq_grinder, uniq_crazy_yiuf_cottage,
          uniq_prince_ribbit1

Action                   || total
-------------------------++-------
Melee: Hand axe          ||     7
  Use: Potion            ||     1
Armor: Leather armour    ||     6
Dodge: Dodged            ||     9
